Senateurs vs Oilers
Created - December 19, 2020 at 19:11
Goals
|
Senateurs |
4 |
0 |
2 |
6 |
Oilers |
3 |
1 |
1 |
5 |
|
Shots
|
Senateurs |
16 |
12 |
10 |
38 |
Oilers |
12 |
11 |
12 |
35 |
|
1st period
1. Oilers , Pavel Buchnevich 5 (Brady Skjei 15, Taylor Hall 15) at 9:15
2. Oilers , Claude Giroux 9 (Oscar Klefbom 8, Connor McDavid 9) at 11:31
3. Senateurs , Sidney Crosby 16 (Phil Kessel 17, Duncan Keith 9) at 13:49
4. Oilers , Taylor Hall 7 (Riley Sheahan 10, Tobias Enstrom 7) at 14:13
5. Senateurs , Sergei Kostitsyn 8 (Maxim Lapierre 9, Colby Armstrong 6) at 14:48
6. Senateurs , Phil Kessel 12 (Dion Phaneuf 13, Derek Boogaard 8) at 17:28 (PP)
7. Senateurs , Derek Boogaard 4 (Sidney Crosby 15, Phil Kessel 18) at 17:36
Penalties :
Peter Regin (Ott) for Holding (Minor) at 7:14, Shea Weber (EDM) for Interference (Minor) at 17:00
2nd period
8. Oilers , Leon Draisaitl 6 (Claude Giroux 15) at 13:23 (PP)
Penalties :
Marek Svatos (Ott) for Interference (Minor) at 7:52, Jordan Caron (EDM) for Roughing (Minor) at 11:05, Maxim Lapierre (Ott) for Hooking (Minor) at 13:20, Brian McGrattan (Ott) for Holding (Minor) at 16:35
3rd period
9. Senateurs , Marek Svatos 4 (Nate Prosser 7, Jamie Benn 5) at 3:10
10. Oilers , Johnny Gaudreau 10 (Leon Draisaitl 9, Oscar Klefbom 9) at 10:09 (PP)
11. Senateurs , Evgeni Malkin 8 (Marek Svatos 7, Denis Grebeshkov 6) at 14:13
Penalties :
Jamie Benn (Ott) for Slashing (Minor) at 7:21, Nate Prosser (Ott) for Slashing (Minor) at 9:56, Connor McDavid (EDM) for Slashing (Minor) at 16:58
Goalie Stats
Jaroslav Halak (Ott), 30 saves from 35 shots - (0.857), W, 9-12-4, 60:00 minutes
Marc-André Fleury (EDM), 32 saves from 38 shots - (0.842), L, 8-8-3, 59:09 minutes
Players Stats for Senateurs
Player Name G A P +/- PIM S H SB GA TA FO MP PP MP PK MP
------------------------------------------------------------------------------------
Arturs Kulda 0 0 0 3 0 0 0 1 0 1 0/0 11:12 0:00 0:00
Brian McGrattan 0 0 0 0 2 0 1 0 2 1 0/0 7:33 0:00 0:00
Cody Franson 0 0 0 -2 0 2 3 2 2 1 0/0 30:38 2:55 5:51
Colby Armstrong 0 1 1 0 0 2 0 0 0 0 0/2 12:55 0:09 0:00
Denis Grebeshkov 0 1 1 1 0 1 0 0 0 0 0/0 18:10 1:31 2:21
Derek Boogaard 1 1 2 1 0 1 2 0 0 0 0/1 19:34 2:29 2:01
Dion Phaneuf 0 1 1 -2 0 1 3 3 2 1 0/0 30:38 2:55 5:51
Duncan Keith 0 1 1 1 0 0 0 0 0 0 0/0 18:10 1:31 2:21
Evgeni Malkin 1 0 1 1 0 5 1 0 0 1 5/8 19:07 1:48 5:30
Jamie Benn 0 1 1 2 2 4 1 0 0 0 0/0 15:44 1:48 0:36
Marek Svatos 1 1 2 2 2 4 0 0 1 0 0/0 13:39 1:48 0:00
Matt Moulson 0 0 0 0 0 1 0 1 0 1 0/0 6:18 0:00 0:05
Maxim Lapierre 0 1 1 0 2 3 4 1 0 0 2/4 14:25 0:09 0:06
Nate Prosser 0 1 1 3 2 2 3 0 0 0 0/0 11:11 0:00 0:00
Peter Regin 0 0 0 -1 2 3 1 0 0 0 2/5 6:59 0:00 0:40
Phil Kessel 1 2 3 1 0 4 0 0 1 0 1/2 20:29 2:29 1:56
Sergei Kostitsyn 1 0 1 0 0 2 2 0 0 0 0/0 11:44 0:00 0:00
Sidney Crosby 1 1 2 0 0 3 1 0 0 0 20/42 23:16 2:38 5:30
Players Stats for Oilers
Player Name G A P +/- PIM S H SB GA TA FO MP PP MP PK MP
------------------------------------------------------------------------------------
Anthony Stewart 0 0 0 0 0 0 1 0 0 0 0/0 6:30 0:00 0:00
Brady Skjei 0 1 1 -1 0 1 1 1 2 0 0/0 24:18 5:28 0:00
Brandon Burlon 0 0 0 0 0 0 1 1 0 1 0/0 11:43 0:00 1:46
Claude Giroux 1 1 2 -1 0 5 3 0 0 0 0/0 17:11 3:10 0:00
Connor McDavid 0 1 1 0 2 5 1 0 0 0 9/23 19:01 5:02 0:44
Johnny Gaudreau 1 0 1 -1 0 1 2 0 1 1 1/1 17:57 3:10 1:05
Jordan Caron 0 0 0 -1 2 0 1 0 0 1 0/1 17:01 0:00 0:00
Kellan Lain 0 0 0 0 0 0 1 1 0 0 0/0 9:37 0:00 2:25
Kevin Porter 0 0 0 0 0 0 0 0 0 0 2/5 7:56 0:00 1:26
Leon Draisaitl 1 1 2 -1 0 2 2 0 1 1 4/5 13:54 3:10 0:09
Oscar Klefbom 0 2 2 0 0 1 1 0 0 1 0/0 18:17 5:33 0:17
Pavel Buchnevich 1 0 1 0 0 3 0 0 0 0 0/1 14:09 5:02 0:00
Riley Sheahan 0 1 1 -1 0 6 1 1 0 0 16/26 20:09 0:00 2:26
Rostislav Olesz 0 0 0 -1 0 1 4 0 0 1 0/0 9:45 0:00 0:00
Shea Weber 0 0 0 -2 2 2 1 1 1 0 0/0 24:56 2:44 2:23
Taylor Hall 1 1 2 0 0 6 0 1 1 0 2/2 22:22 5:02 0:37
Tobias Enstrom 0 1 1 -1 0 0 2 0 0 0 0/0 20:50 0:40 2:40
Travis Hamonic 0 0 0 0 0 2 2 1 0 2 0/0 19:55 1:59 1:46
3 Stars
1 - Phil Kessel (Ott)
2 - Derek Boogaard (Ott)
3 - Sidney Crosby (Ott)
Power Play
Senateurs - 1 on 3 Attempt(s) - 33.33%
Oilers - 2 on 6 Attempt(s) - 33.33%
Penalty Kill
Senateurs - 4 on 6 Attempt(s) - 66.67%
- Score 0 goal in Penalty Kill
Oilers - 2 on 3 Attempt(s) - 66.67%
- Score 0 goal in Penalty Kill
Team Stat
Senateurs - Hits : 22 - Faceoff Wins : 30 - Blocked Shots : 8 - Penalty Minutes : 12
Oilers - Hits : 24 - Faceoff Wins : 34 - Blocked Shots : 7 - Penalty Minutes : 6
Official
Referees : Unknown
Linesman : Unknown
Game Notes
No Game Note
Finance
Level 1 -- Attendance: 5189 (86.48%) -- Ticket Income $570,790
Level 2 -- Attendance: 3686 (73.72%) -- Ticket Income $258,020
Level 3 -- Attendance: 1588 (79.40%) -- Ticket Income $73,048
Level 4 -- Attendance: 3058 (76.45%) -- Ticket Income $91,740
Luxury Box -- Attendance: 988 (98.80%) -- Ticket Income $177,840
Game was played at the The prudential Center.
Total Attendance: 14509 (80.61%)
Total Ticket Income: $1,171,438
Other Income: $175,716
Total Income: $1,347,154
Senateurs
5 vs 5 Forward
Center Left Wing Right Wing Time % Phy DF OF
1 Sidney Crosby Derek Boogaard Phil Kessel 40 1 2 2
2 Evgeni Malkin Jamie Benn Marek Svatos 30 1 2 2
3 Maxim Lapierre Sergei Kostitsyn Colby Armstrong 20 1 2 2
4 Peter Regin Matt Moulson Brian McGrattan 10 1 2 2
5 vs 5 Defense
Defense Defense Time % Phy DF OF
1 Dion Phaneuf Cody Franson 40 1 2 2
2 Duncan Keith Denis Grebeshkov 30 1 2 2
3 Nate Prosser Arturs Kulda 20 1 2 2
4 Dion Phaneuf Cody Franson 10 1 2 2
PowerPlay Forward
Center Left Wing Right Wing Time % Phy DF OF
1 Sidney Crosby Derek Boogaard Phil Kessel 60 1 2 2
2 Evgeni Malkin Jamie Benn Marek Svatos 40 1 2 2
PowerPlay Defense
Defense Defense Time % Phy DF OF
1 Dion Phaneuf Cody Franson 60 1 2 2
2 Duncan Keith Denis Grebeshkov 40 1 2 2
Penalty Kill 4 Players Forward
Center Wing Time % Phy DF OF
1 Sidney Crosby Evgeni Malkin 60 1 2 2
2 Phil Kessel Derek Boogaard 40 1 2 2
Penalty Kill 4 Players Defense
Defense Defense Time % Phy DF OF
1 Dion Phaneuf Cody Franson 60 1 2 2
2 Duncan Keith Denis Grebeshkov 40 1 2 2
Penalty Kill - 3 Players Forward
Forward Time % Phy DF OF
1 Sidney Crosby 60 1 2 2
2 Evgeni Malkin 40 1 2 2
Penalty Kill - 3 Players Defense
Defense Defense Time % Phy DF OF
1 Dion Phaneuf Cody Franson 60 1 2 2
2 Duncan Keith Denis Grebeshkov 40 1 2 2
4 vs 4 Forward
Center Wing Time % Phy DF OF
1 Sidney Crosby Evgeni Malkin 60 1 2 2
2 Phil Kessel Derek Boogaard 40 1 2 2
4 vs 4 Defense
Defense Defense Time % Phy DF OF
1 Dion Phaneuf Cody Franson 60 1 2 2
2 Duncan Keith Denis Grebeshkov 40 1 2 2
Last Minutes Offensive
Center Left Wing Right Wing Defense Defense
Sidney Crosby Derek Boogaard Phil Kessel Dion Phaneuf Cody Franson
Last Minutes Defensive
Center Left Wing Right Wing Defense Defense
Sidney Crosby Derek Boogaard Phil Kessel Dion Phaneuf Cody Franson
Goaltenders
Starting : Jaroslav Halak
Backup : Jonas Hiller
Extra Forwards
Normal : Colby Armstrong, Maxim Lapierre, Peter Regin - PP : Colby Armstrong, Maxim Lapierre - PK : Peter Regin
Extra Defensemen
Normal : Nate Prosser, Arturs Kulda, Duncan Keith - PP : Nate Prosser - PK : Arturs Kulda, Duncan Keith
Penalty Shots
Sidney Crosby, Evgeni Malkin, Phil Kessel, Derek Boogaard, Marek Svatos
Scratches
None
Oilers
5 vs 5 Forward
Center Left Wing Right Wing Time % Phy DF OF
1 Riley Sheahan Taylor Hall Jordan Caron 40 1 2 2
2 Connor McDavid Johnny Gaudreau Claude Giroux 30 1 2 2
3 Leon Draisaitl Rostislav Olesz Pavel Buchnevich 20 1 2 2
4 Kevin Porter Kellan Lain Anthony Stewart 10 1 2 2
5 vs 5 Defense
Defense Defense Time % Phy DF OF
1 Shea Weber Brady Skjei 40 1 2 2
2 Travis Hamonic Tobias Enstrom 30 1 2 2
3 Brandon Burlon Oscar Klefbom 20 1 2 2
4 Tobias Enstrom Oscar Klefbom 10 1 2 2
PowerPlay Forward
Center Left Wing Right Wing Time % Phy DF OF
1 Connor McDavid Taylor Hall Pavel Buchnevich 60 0 2 3
2 Leon Draisaitl Johnny Gaudreau Claude Giroux 40 0 2 3
PowerPlay Defense
Defense Defense Time % Phy DF OF
1 Brady Skjei Oscar Klefbom 60 0 2 3
2 Travis Hamonic Shea Weber 40 0 2 3
Penalty Kill 4 Players Forward
Center Wing Time % Phy DF OF
1 Riley Sheahan Kellan Lain 60 0 3 2
2 Kevin Porter Taylor Hall 40 0 3 2
Penalty Kill 4 Players Defense
Defense Defense Time % Phy DF OF
1 Tobias Enstrom Shea Weber 60 0 3 2
2 Travis Hamonic Brandon Burlon 40 0 3 2
Penalty Kill - 3 Players Forward
Forward Time % Phy DF OF
1 Claude Giroux 60 0 3 2
2 Taylor Hall 40 0 3 2
Penalty Kill - 3 Players Defense
Defense Defense Time % Phy DF OF
1 Travis Hamonic Shea Weber 60 0 3 2
2 Tobias Enstrom Brandon Burlon 40 0 3 2
4 vs 4 Forward
Center Wing Time % Phy DF OF
1 Riley Sheahan Taylor Hall 60 1 2 2
2 Kevin Porter Claude Giroux 40 1 2 2
4 vs 4 Defense
Defense Defense Time % Phy DF OF
1 Travis Hamonic Shea Weber 60 1 2 2
2 Tobias Enstrom Brady Skjei 40 1 2 2
Last Minutes Offensive
Center Left Wing Right Wing Defense Defense
Connor McDavid Taylor Hall Claude Giroux Travis Hamonic Shea Weber
Last Minutes Defensive
Center Left Wing Right Wing Defense Defense
Riley Sheahan Taylor Hall Claude Giroux Travis Hamonic Shea Weber
Goaltenders
Starting : Marc-André Fleury
Backup : Jonas Gustavsson
Extra Forwards
Normal : Kellan Lain, Rostislav Olesz, Kevin Porter - PP : Kellan Lain, Rostislav Olesz - PK : Kevin Porter
Extra Defensemen
Normal : Brandon Burlon, Oscar Klefbom, Tobias Enstrom - PP : Brady Skjei - PK : Oscar Klefbom, Tobias Enstrom
Penalty Shots
Claude Giroux, Taylor Hall, Johnny Gaudreau, Riley Sheahan, Kellan Lain
Scratches
None
% Time on Ice - Senateurs
Lines # - Real PCT - Wanted PCT - Time Play
Normal Forward
1 - 36% - 40% - 16:42
2 - 25% - 30% - 11:47
3 - 25% - 20% - 11:44
4 - 13% - 10% - 6:09
Normal Defense
1 - 41% - 40% - 18:54
2 - 31% - 30% - 14:18
3 - 24% - 20% - 11:12
4 - 4% - 10% - 1:58
PP Forward
1 - 59% - 60% - 2:38
2 - 41% - 40% - 1:48
PP Defense
1 - 66% - 60% - 2:55
2 - 34% - 40% - 1:31
PK Forward
1 - 76% - 60% - 6:16
2 - 24% - 40% - 1:56
PK Defense
1 - 71% - 60% - 5:51
2 - 29% - 40% - 2:21
PK3 Forward
1 - 0% - 60%
2 - 0% - 40%
PK3 Defense
1 - 0% - 60%
2 - 0% - 40%
44 Forward
1 - 0% - 60%
2 - 0% - 40%
44 Defense
1 - 0% - 60%
2 - 0% - 40%
Last Minute Offensive - 0:00
Last Minute Defensive - 1:00
Total
Forward - 60:00
Defense - 60:00
|
% Time on Ice - Oilers
Lines # - Real PCT - Wanted PCT - Time Play
Normal Forward
1 - 38% - 40% - 17:46
2 - 29% - 30% - 13:41
3 - 19% - 20% - 9:05
4 - 14% - 10% - 6:30
Normal Defense
1 - 39% - 40% - 18:30
2 - 33% - 30% - 15:44
3 - 19% - 20% - 9:07
4 - 8% - 10% - 3:41
PP Forward
1 - 61% - 60% - 5:02
2 - 39% - 40% - 3:10
PP Defense
1 - 67% - 60% - 5:28
2 - 33% - 40% - 2:44
PK Forward
1 - 86% - 60% - 3:49
2 - 14% - 40% - 0:37
PK Defense
1 - 60% - 60% - 2:40
2 - 40% - 40% - 1:46
PK3 Forward
1 - 0% - 60%
2 - 0% - 40%
PK3 Defense
1 - 0% - 60%
2 - 0% - 40%
44 Forward
1 - 0% - 60%
2 - 0% - 40%
44 Defense
1 - 0% - 60%
2 - 0% - 40%
Last Minute Offensive - 0:20
Last Minute Defensive - 0:00
Total
Forward - 60:00
Defense - 60:00
|
Play-by-Play
1st period
0:01 of 1st period - Riley Sheahan wins face-off versus Sidney Crosby in neutral zone.
0:35 of 1st period - Wrist shot by Evgeni Malkin.
0:35 of 1st period - Shot Misses the Net.
0:51 of 1st period - Colby Armstrong is hit by Brady Skjei and loses puck.
1:10 of 1st period - Slapshot by Matt Moulson.
1:10 of 1st period - Stopped by Marc-André Fleury with a rebound.
1:12 of 1st period - Slapshot by Duncan Keith.
1:12 of 1st period - Shot Blocked by Travis Hamonic.
1:20 of 1st period - Snap shot by Peter Regin.
1:20 of 1st period - Stopped by Marc-André Fleury without a rebound.
1:21 of 1st period - Taylor Hall wins face-off versus Sidney Crosby in Oilers zone.
1:54 of 1st period - Evgeni Malkin is hit by Brandon Burlon and loses puck.
2:20 of 1st period - Snap shot by Colby Armstrong.
2:20 of 1st period - Shot Misses the Net.
3:21 of 1st period - Snap shot by Connor McDavid.
3:21 of 1st period - Deflect By Claude Giroux.
3:21 of 1st period - Stopped by Jaroslav Halak with a rebound.
3:38 of 1st period - Kellan Lain is hit by Nate Prosser and loses puck.
4:00 of 1st period - Slapshot by Riley Sheahan.
4:00 of 1st period - Shot Blocked by Matt Moulson.
4:02 of 1st period - Snap shot by Riley Sheahan.
4:02 of 1st period - Stopped by Jaroslav Halak with a rebound.
4:20 of 1st period - Slapshot by Phil Kessel.
4:20 of 1st period - Deflect By Sidney Crosby.
4:20 of 1st period - Stopped by Marc-André Fleury with a rebound.
4:22 of 1st period - Snap shot by Arturs Kulda.
4:22 of 1st period - Shot Misses the Net.
5:02 of 1st period - Riley Sheahan is hit by Maxim Lapierre.
5:27 of 1st period - Slapshot by Cody Franson.
5:27 of 1st period - Stopped by Marc-André Fleury with a rebound.
5:33 of 1st period - Oscar Klefbom is hit by Dion Phaneuf.
5:45 of 1st period - Sidney Crosby is hit by Shea Weber.
5:49 of 1st period - Sidney Crosby is hit by Connor McDavid and loses puck.
6:06 of 1st period - Jamie Benn is hit by Rostislav Olesz and loses puck.
6:15 of 1st period - Brady Skjei is hit by Evgeni Malkin and loses puck.
6:48 of 1st period - Cody Franson is hit by Tobias Enstrom and loses puck.
7:09 of 1st period - Icing by Connor McDavid.
7:10 of 1st period - Connor McDavid wins face-off versus Peter Regin in Oilers zone.
7:14 of 1st period - Minor Penalty to Peter Regin for Holding.
7:15 of 1st period - Sidney Crosby wins face-off versus Connor McDavid in Senateurs zone.
7:24 of 1st period - Slapshot by Brady Skjei.
7:24 of 1st period - Stopped by Jaroslav Halak without a rebound.
7:25 of 1st period - Connor McDavid wins face-off versus Sidney Crosby in Senateurs zone.
8:04 of 1st period - Wrist shot by Taylor Hall.
8:04 of 1st period - Shot Blocked by Dion Phaneuf.
8:43 of 1st period - Slapshot by Taylor Hall.
8:43 of 1st period - Shot Misses the Net.
9:13 of 1st period - Wrist shot by Taylor Hall.
9:13 of 1st period - Shot Misses the Net.
9:14 of 1st period - Penalty to Peter Regin is over, Peter Regin is back on ice.
9:15 of 1st period - Snap shot by Brady Skjei.
9:15 of 1st period - Deflect By Pavel Buchnevich.
9:15 of 1st period - Goal by Pavel Buchnevich - Senateurs : 0 - Oilers : 1.
9:16 of 1st period - Maxim Lapierre wins face-off versus Kevin Porter in neutral zone.
9:59 of 1st period - Icing by Tobias Enstrom.
10:00 of 1st period - Maxim Lapierre wins face-off versus Kevin Porter in Oilers zone.
10:35 of 1st period - Brian McGrattan is hit by Rostislav Olesz.
10:38 of 1st period - Off-side.
10:39 of 1st period - Kevin Porter wins face-off versus Sidney Crosby in neutral zone.
11:27 of 1st period - Slapshot by Claude Giroux.
11:27 of 1st period - Shot Misses the Net.
11:29 of 1st period - Snap shot by Connor McDavid.
11:29 of 1st period - Shot Misses the Net.
11:31 of 1st period - Slapshot by Oscar Klefbom.
11:31 of 1st period - Deflect By Claude Giroux.
11:31 of 1st period - Goal by Claude Giroux - Senateurs : 0 - Oilers : 2.
11:32 of 1st period - Sidney Crosby wins face-off versus Riley Sheahan in neutral zone.
11:54 of 1st period - Icing by Brady Skjei.
11:55 of 1st period - Evgeni Malkin wins face-off versus Connor McDavid in Oilers zone.
12:08 of 1st period - Snap shot by Connor McDavid.
12:08 of 1st period - Stopped by Jaroslav Halak without a rebound.
12:09 of 1st period - Riley Sheahan wins face-off versus Sidney Crosby in Senateurs zone.
12:26 of 1st period - Wrist shot by Taylor Hall.
12:26 of 1st period - Stopped by Jaroslav Halak with a rebound.
13:00 of 1st period - Dion Phaneuf is hit by Anthony Stewart and loses puck.
13:47 of 1st period - Slapshot by Phil Kessel.
13:47 of 1st period - Shot Misses the Net.
13:49 of 1st period - Snap shot by Sidney Crosby.
13:49 of 1st period - Goal by Sidney Crosby - Senateurs : 1 - Oilers : 2.
13:50 of 1st period - Riley Sheahan wins face-off versus Sidney Crosby in neutral zone.
13:57 of 1st period - Slapshot by Taylor Hall.
13:57 of 1st period - Stopped by Jaroslav Halak with a rebound.
13:59 of 1st period - Slapshot by Riley Sheahan.
13:59 of 1st period - Stopped by Jaroslav Halak without a rebound.
14:00 of 1st period - Sidney Crosby wins face-off versus Riley Sheahan in Senateurs zone.
14:05 of 1st period - Snap shot by Sidney Crosby.
14:05 of 1st period - Shot Misses the Net.
14:13 of 1st period - Snap shot by Taylor Hall.
14:13 of 1st period - Goal by Taylor Hall - Senateurs : 1 - Oilers : 3.
14:14 of 1st period - Sidney Crosby wins face-off versus Connor McDavid in neutral zone.
14:39 of 1st period - Shea Weber is hit by Sergei Kostitsyn and loses puck.
14:44 of 1st period - Slapshot by Colby Armstrong.
14:44 of 1st period - Stopped by Marc-André Fleury with a rebound.
14:46 of 1st period - Snap shot by Maxim Lapierre.
14:46 of 1st period - Stopped by Marc-André Fleury with a rebound.
14:48 of 1st period - Wrist shot by Sergei Kostitsyn.
14:48 of 1st period - Goal by Sergei Kostitsyn - Senateurs : 2 - Oilers : 3.
14:49 of 1st period - Riley Sheahan wins face-off versus Derek Boogaard in neutral zone.
15:02 of 1st period - Dion Phaneuf is hit by Travis Hamonic and loses puck.
15:45 of 1st period - Slapshot by Pavel Buchnevich.
15:45 of 1st period - Stopped by Jaroslav Halak with a rebound.
16:15 of 1st period - Snap shot by Peter Regin.
16:15 of 1st period - Stopped by Marc-André Fleury with a rebound.
16:45 of 1st period - Shea Weber is hit by Nate Prosser and loses puck.
16:52 of 1st period - Snap shot by Jamie Benn.
16:52 of 1st period - Stopped by Marc-André Fleury with a rebound.
16:54 of 1st period - Slapshot by Dion Phaneuf.
16:54 of 1st period - Stopped by Marc-André Fleury with a rebound.
17:00 of 1st period - Minor Penalty to Shea Weber for Interference.
17:01 of 1st period - Sidney Crosby wins face-off versus Riley Sheahan in Oilers zone.
17:16 of 1st period - Slapshot by Phil Kessel.
17:16 of 1st period - Stopped by Marc-André Fleury without a rebound.
17:17 of 1st period - Sidney Crosby wins face-off versus Riley Sheahan in Oilers zone.
17:22 of 1st period - Snap shot by Sidney Crosby.
17:22 of 1st period - Stopped by Marc-André Fleury with a rebound.
17:24 of 1st period - Snap shot by Derek Boogaard.
17:24 of 1st period - Shot Misses the Net.
17:26 of 1st period - Slapshot by Dion Phaneuf.
17:26 of 1st period - Shot Misses the Net.
17:28 of 1st period - Wrist shot by Phil Kessel.
17:28 of 1st period - Goal by Phil Kessel - Senateurs : 3 - Oilers : 3.
17:29 of 1st period - Sidney Crosby wins face-off versus Riley Sheahan in neutral zone.
17:36 of 1st period - Wrist shot by Derek Boogaard.
17:36 of 1st period - Goal by Derek Boogaard - Senateurs : 4 - Oilers : 3.
17:37 of 1st period - Sidney Crosby wins face-off versus Connor McDavid in neutral zone.
18:02 of 1st period - Evgeni Malkin is hit by Riley Sheahan and loses puck.
18:13 of 1st period - Slapshot by Evgeni Malkin.
18:13 of 1st period - Shot Misses the Net.
18:25 of 1st period - Snap shot by Maxim Lapierre.
18:25 of 1st period - Stopped by Marc-André Fleury without a rebound.
18:26 of 1st period - Leon Draisaitl wins face-off versus Colby Armstrong in Oilers zone.
18:55 of 1st period - Nate Prosser is hit by Rostislav Olesz and loses puck.
19:25 of 1st period - Slapshot by Brady Skjei.
19:25 of 1st period - Deflect By Rostislav Olesz.
19:25 of 1st period - Stopped by Jaroslav Halak without a rebound.
19:26 of 1st period - Sidney Crosby wins face-off versus Riley Sheahan in Senateurs zone.
19:52 of 1st period - Cody Franson is hit by Claude Giroux and loses puck.
Goals for this period are 4 for Senateurs vs 3 for Oilers.
Shots for this period are 16 for Senateurs vs 12 for Oilers.
2nd period
0:01 of 2nd period - Connor McDavid wins face-off versus Sidney Crosby in neutral zone.
0:12 of 2nd period - Snap shot by Phil Kessel.
0:12 of 2nd period - Stopped by Marc-André Fleury without a rebound.
0:13 of 2nd period - Riley Sheahan wins face-off versus Sidney Crosby in Oilers zone.
0:18 of 2nd period - Snap shot by Oscar Klefbom.
0:18 of 2nd period - Shot Misses the Net.
0:28 of 2nd period - Wrist shot by Phil Kessel.
0:28 of 2nd period - Shot Blocked by Riley Sheahan.
0:49 of 2nd period - Snap shot by Marek Svatos.
0:49 of 2nd period - Stopped by Marc-André Fleury without a rebound.
0:50 of 2nd period - Sidney Crosby wins face-off versus Pavel Buchnevich in Oilers zone.
1:50 of 2nd period - Backhand shot by Denis Grebeshkov.
1:50 of 2nd period - Deflect By Connor McDavid.
1:50 of 2nd period - Stopped by Marc-André Fleury with a rebound.
2:00 of 2nd period - Brady Skjei is hit by Peter Regin and loses puck.
2:07 of 2nd period - Slapshot by Matt Moulson.
2:07 of 2nd period - Shot Blocked by Kellan Lain.
2:49 of 2nd period - Snap shot by Evgeni Malkin.
2:49 of 2nd period - Stopped by Marc-André Fleury without a rebound.
2:50 of 2nd period - Riley Sheahan wins face-off versus Evgeni Malkin in Oilers zone.
2:57 of 2nd period - Snap shot by Riley Sheahan.
2:57 of 2nd period - Shot Misses the Net.
3:05 of 2nd period - Taylor Hall is hit by Cody Franson and loses puck.
3:22 of 2nd period - Snap shot by Evgeni Malkin.
3:22 of 2nd period - Stopped by Marc-André Fleury with a rebound.
3:26 of 2nd period - Snap shot by Evgeni Malkin.
3:26 of 2nd period - Stopped by Marc-André Fleury without a rebound.
3:27 of 2nd period - Johnny Gaudreau wins face-off versus Sidney Crosby in Oilers zone.
3:27 of 2nd period - Johnny Gaudreau is hit by Cody Franson.
4:42 of 2nd period - Snap shot by Marek Svatos.
4:42 of 2nd period - Stopped by Marc-André Fleury without a rebound.
4:43 of 2nd period - Sidney Crosby wins face-off versus Connor McDavid in Oilers zone.
4:47 of 2nd period - Icing by Travis Hamonic.
4:48 of 2nd period - Sidney Crosby wins face-off versus Connor McDavid in Oilers zone.
5:42 of 2nd period - Wrist shot by Colby Armstrong.
5:42 of 2nd period - Shot Blocked by Brandon Burlon.
5:44 of 2nd period - Slapshot by Maxim Lapierre.
5:44 of 2nd period - Deflect By Leon Draisaitl.
5:44 of 2nd period - Shot Misses the Net.
5:44 of 2nd period - Puck is out of play.
5:45 of 2nd period - Sidney Crosby wins face-off versus Connor McDavid in Oilers zone.
6:20 of 2nd period - Wrist shot by Taylor Hall.
6:20 of 2nd period - Stopped by Jaroslav Halak without a rebound.
6:21 of 2nd period - Connor McDavid wins face-off versus Evgeni Malkin in Senateurs zone.
7:52 of 2nd period - Minor Penalty to Marek Svatos for Interference.
7:53 of 2nd period - Connor McDavid wins face-off versus Sidney Crosby in Senateurs zone.
7:55 of 2nd period - Snap shot by Connor McDavid.
7:55 of 2nd period - Stopped by Jaroslav Halak without a rebound.
7:56 of 2nd period - Sidney Crosby wins face-off versus Connor McDavid in Senateurs zone.
8:11 of 2nd period - Slapshot by Travis Hamonic.
8:11 of 2nd period - Stopped by Jaroslav Halak without a rebound.
8:12 of 2nd period - Taylor Hall wins face-off versus Sidney Crosby in Senateurs zone.
8:19 of 2nd period - Snap shot by Connor McDavid.
8:19 of 2nd period - Stopped by Jaroslav Halak with a rebound.
8:21 of 2nd period - Slapshot by Oscar Klefbom.
8:21 of 2nd period - Stopped by Jaroslav Halak with a rebound.
9:52 of 2nd period - Penalty to Marek Svatos is over, Marek Svatos is back on ice.
10:12 of 2nd period - Snap shot by Colby Armstrong.
10:12 of 2nd period - Stopped by Marc-André Fleury with a rebound.
10:26 of 2nd period - Slapshot by Cody Franson.
10:26 of 2nd period - Deflect By Brian McGrattan.
10:26 of 2nd period - Deflect By Taylor Hall.
10:26 of 2nd period - Shot Misses the Net.
10:26 of 2nd period - Puck is out of play.
10:27 of 2nd period - Riley Sheahan wins face-off versus Peter Regin in Oilers zone.
10:31 of 2nd period - Off-side.
10:32 of 2nd period - Peter Regin wins face-off versus Connor McDavid in neutral zone.
10:44 of 2nd period - Icing by Brian McGrattan.
10:45 of 2nd period - Riley Sheahan wins face-off versus Peter Regin in Senateurs zone.
11:04 of 2nd period - Slapshot by Peter Regin.
11:04 of 2nd period - Shot Misses the Net.
11:05 of 2nd period - Minor Penalty to Jordan Caron for Roughing.
11:06 of 2nd period - Riley Sheahan wins face-off versus Phil Kessel in Oilers zone.
11:39 of 2nd period - Snap shot by Evgeni Malkin.
11:39 of 2nd period - Deflect By Jamie Benn.
11:39 of 2nd period - Stopped by Marc-André Fleury with a rebound.
11:41 of 2nd period - Snap shot by Marek Svatos.
11:41 of 2nd period - Stopped by Marc-André Fleury with a rebound.
13:05 of 2nd period - Penalty to Jordan Caron is over, Jordan Caron is back on ice.
13:20 of 2nd period - Minor Penalty to Maxim Lapierre for Hooking.
13:21 of 2nd period - Leon Draisaitl wins face-off versus Sidney Crosby in Senateurs zone.
13:21 of 2nd period - Backhand shot by Claude Giroux.
13:21 of 2nd period - Shot Misses the Net.
13:23 of 2nd period - Snap shot by Leon Draisaitl.
13:23 of 2nd period - Goal by Leon Draisaitl - Senateurs : 4 - Oilers : 4.
13:24 of 2nd period - Riley Sheahan wins face-off versus Sidney Crosby in neutral zone.
14:00 of 2nd period - Wrist shot by Claude Giroux.
14:00 of 2nd period - Deflect By Connor McDavid.
14:00 of 2nd period - Shot Misses the Net.
14:00 of 2nd period - Puck is out of play.
14:01 of 2nd period - Leon Draisaitl wins face-off versus Sidney Crosby in Senateurs zone.
14:02 of 2nd period - Snap shot by Pavel Buchnevich.
14:02 of 2nd period - Stopped by Jaroslav Halak without a rebound.
14:03 of 2nd period - Leon Draisaitl wins face-off versus Sidney Crosby in Senateurs zone.
14:32 of 2nd period - Wrist shot by Connor McDavid.
14:32 of 2nd period - Stopped by Jaroslav Halak with a rebound.
14:34 of 2nd period - Snap shot by Claude Giroux.
14:34 of 2nd period - Stopped by Jaroslav Halak without a rebound.
14:35 of 2nd period - Evgeni Malkin wins face-off versus Connor McDavid in Senateurs zone.
14:54 of 2nd period - Snap shot by Claude Giroux.
14:54 of 2nd period - Stopped by Jaroslav Halak without a rebound.
14:55 of 2nd period - Riley Sheahan wins face-off versus Sidney Crosby in Senateurs zone.
15:25 of 2nd period - Connor McDavid is hit by Cody Franson and loses puck.
16:35 of 2nd period - Minor Penalty to Brian McGrattan for Holding.
16:36 of 2nd period - Connor McDavid wins face-off versus Sidney Crosby in Senateurs zone.
17:02 of 2nd period - Sidney Crosby is hit by Johnny Gaudreau and loses puck.
18:20 of 2nd period - Snap shot by Peter Regin.
18:20 of 2nd period - Stopped by Marc-André Fleury with a rebound.
18:22 of 2nd period - Snap shot by Cody Franson.
18:22 of 2nd period - Stopped by Marc-André Fleury with a rebound.
18:32 of 2nd period - Claude Giroux is hit by Jamie Benn and loses puck.
18:35 of 2nd period - Penalty to Brian McGrattan is over, Brian McGrattan is back on ice.
19:07 of 2nd period - Snap shot by Claude Giroux.
19:07 of 2nd period - Stopped by Jaroslav Halak with a rebound.
19:09 of 2nd period - Slapshot by Travis Hamonic.
19:09 of 2nd period - Shot Blocked by Arturs Kulda.
19:23 of 2nd period - Brian McGrattan is hit by Claude Giroux.
19:27 of 2nd period - Brian McGrattan is hit by Leon Draisaitl and loses puck.
19:36 of 2nd period - Arturs Kulda is hit by Claude Giroux.
19:50 of 2nd period - Duncan Keith is hit by Leon Draisaitl and loses puck.
Goals for this period are 0 for Senateurs vs 1 for Oilers.
Shots for this period are 12 for Senateurs vs 11 for Oilers.
3rd period
0:01 of 3rd period - Riley Sheahan wins face-off versus Sidney Crosby in neutral zone.
0:08 of 3rd period - Wrist shot by Riley Sheahan.
0:08 of 3rd period - Stopped by Jaroslav Halak without a rebound.
0:09 of 3rd period - Sidney Crosby wins face-off versus Riley Sheahan in Senateurs zone.
0:49 of 3rd period - Phil Kessel is hit by Jordan Caron and loses puck.
1:13 of 3rd period - Taylor Hall is hit by Dion Phaneuf and loses puck.
1:34 of 3rd period - Snap shot by Riley Sheahan.
1:34 of 3rd period - Deflect By Taylor Hall.
1:34 of 3rd period - Stopped by Jaroslav Halak with a rebound.
1:36 of 3rd period - Slapshot by Riley Sheahan.
1:36 of 3rd period - Shot Misses the Net.
1:38 of 3rd period - Snap shot by Jordan Caron.
1:38 of 3rd period - Shot Misses the Net.
1:40 of 3rd period - Slapshot by Shea Weber.
1:40 of 3rd period - Stopped by Jaroslav Halak without a rebound.
1:41 of 3rd period - Evgeni Malkin wins face-off versus Connor McDavid in Senateurs zone.
2:31 of 3rd period - Off-side.
2:32 of 3rd period - Peter Regin wins face-off versus Kevin Porter in neutral zone.
2:41 of 3rd period - Arturs Kulda is hit by Kellan Lain and loses puck.
3:02 of 3rd period - Wrist shot by Nate Prosser.
3:02 of 3rd period - Stopped by Marc-André Fleury with a rebound.
3:04 of 3rd period - Slapshot by Arturs Kulda.
3:04 of 3rd period - Shot Misses the Net.
3:06 of 3rd period - Snap shot by Jamie Benn.
3:06 of 3rd period - Shot Misses the Net.
3:08 of 3rd period - Slapshot by Nate Prosser.
3:08 of 3rd period - Stopped by Marc-André Fleury with a rebound.
3:10 of 3rd period - Snap shot by Marek Svatos.
3:10 of 3rd period - Goal by Marek Svatos - Senateurs : 5 - Oilers : 4.
3:11 of 3rd period - Evgeni Malkin wins face-off versus Riley Sheahan in neutral zone.
3:38 of 3rd period - Johnny Gaudreau is hit by Sidney Crosby and loses puck.
3:51 of 3rd period - Tobias Enstrom is hit by Derek Boogaard and loses puck.
4:20 of 3rd period - Cody Franson is hit by Travis Hamonic and loses puck.
4:37 of 3rd period - Snap shot by Evgeni Malkin.
4:37 of 3rd period - Stopped by Marc-André Fleury without a rebound.
4:38 of 3rd period - Evgeni Malkin wins face-off versus Jordan Caron in Oilers zone.
5:04 of 3rd period - Taylor Hall is hit by Sergei Kostitsyn and loses puck.
5:23 of 3rd period - Wrist shot by Riley Sheahan.
5:23 of 3rd period - Shot Misses the Net.
5:27 of 3rd period - Snap shot by Jordan Caron.
5:27 of 3rd period - Shot Blocked by Maxim Lapierre.
5:29 of 3rd period - Slapshot by Shea Weber.
5:29 of 3rd period - Stopped by Jaroslav Halak without a rebound.
5:30 of 3rd period - Sidney Crosby wins face-off versus Connor McDavid in Senateurs zone.
5:41 of 3rd period - Denis Grebeshkov is hit by Tobias Enstrom and loses puck.
6:25 of 3rd period - Icing by Oscar Klefbom.
6:26 of 3rd period - Kevin Porter wins face-off versus Maxim Lapierre in Oilers zone.
6:26 of 3rd period - Kevin Porter is hit by Maxim Lapierre.
6:33 of 3rd period - Oscar Klefbom is hit by Maxim Lapierre and loses puck.
6:58 of 3rd period - Snap shot by Maxim Lapierre.
6:58 of 3rd period - Stopped by Marc-André Fleury without a rebound.
6:59 of 3rd period - Sidney Crosby wins face-off versus Riley Sheahan in Oilers zone.
7:02 of 3rd period - Slapshot by Sidney Crosby.
7:02 of 3rd period - Shot Misses the Net.
7:04 of 3rd period - Wrist shot by Derek Boogaard.
7:04 of 3rd period - Shot Misses the Net.
7:06 of 3rd period - Snap shot by Sidney Crosby.
7:06 of 3rd period - Shot Misses the Net.
7:08 of 3rd period - Slapshot by Phil Kessel.
7:08 of 3rd period - Shot Blocked by Brady Skjei.
7:12 of 3rd period - Snap shot by Phil Kessel.
7:12 of 3rd period - Stopped by Marc-André Fleury without a rebound.
7:13 of 3rd period - Riley Sheahan wins face-off versus Evgeni Malkin in Oilers zone.
7:21 of 3rd period - Minor Penalty to Jamie Benn for Slashing.
7:22 of 3rd period - Sidney Crosby wins face-off versus Connor McDavid in Senateurs zone.
7:29 of 3rd period - Wrist shot by Cody Franson.
7:29 of 3rd period - Shot Blocked by Taylor Hall.
7:39 of 3rd period - Dion Phaneuf is hit by Oscar Klefbom and loses puck.
9:21 of 3rd period - Penalty to Jamie Benn is over, Jamie Benn is back on ice.
9:50 of 3rd period - Taylor Hall is hit by Brian McGrattan and loses puck.
9:56 of 3rd period - Minor Penalty to Nate Prosser for Slashing.
9:57 of 3rd period - Sidney Crosby wins face-off versus Leon Draisaitl in Senateurs zone.
10:05 of 3rd period - Slapshot by Oscar Klefbom.
10:05 of 3rd period - Shot Blocked by Cody Franson.
10:07 of 3rd period - Wrist shot by Leon Draisaitl.
10:07 of 3rd period - Stopped by Jaroslav Halak with a rebound.
10:09 of 3rd period - Wrist shot by Leon Draisaitl.
10:09 of 3rd period - Deflect By Johnny Gaudreau.
10:09 of 3rd period - Goal by Johnny Gaudreau - Senateurs : 5 - Oilers : 5.
10:10 of 3rd period - Riley Sheahan wins face-off versus Sidney Crosby in neutral zone.
10:25 of 3rd period - Brady Skjei is hit by Dion Phaneuf and loses puck.
10:36 of 3rd period - Jordan Caron is hit by Maxim Lapierre and loses puck.
10:57 of 3rd period - Backhand shot by Riley Sheahan.
10:57 of 3rd period - Stopped by Jaroslav Halak with a rebound.
10:59 of 3rd period - Wrist shot by Taylor Hall.
10:59 of 3rd period - Stopped by Jaroslav Halak with a rebound.
11:01 of 3rd period - Slapshot by Travis Hamonic.
11:01 of 3rd period - Stopped by Jaroslav Halak with a rebound.
11:03 of 3rd period - Backhand shot by Riley Sheahan.
11:03 of 3rd period - Deflect By Taylor Hall.
11:03 of 3rd period - Deflect By Cody Franson.
11:03 of 3rd period - Shot Misses the Net.
11:03 of 3rd period - Puck is out of play.
11:04 of 3rd period - Phil Kessel wins face-off versus Connor McDavid in Senateurs zone.
11:37 of 3rd period - Snap shot by Jamie Benn.
11:37 of 3rd period - Stopped by Marc-André Fleury without a rebound.
11:38 of 3rd period - Connor McDavid wins face-off versus Sidney Crosby in Oilers zone.
11:38 of 3rd period - Connor McDavid is hit by Derek Boogaard.
12:55 of 3rd period - Travis Hamonic is hit by Nate Prosser and loses puck.
13:23 of 3rd period - Derek Boogaard is hit by Rostislav Olesz and loses puck.
13:52 of 3rd period - Snap shot by Sergei Kostitsyn.
13:52 of 3rd period - Stopped by Marc-André Fleury with a rebound.
14:02 of 3rd period - Denis Grebeshkov is hit by Johnny Gaudreau and loses puck.
14:13 of 3rd period - Snap shot by Evgeni Malkin.
14:13 of 3rd period - Goal by Evgeni Malkin - Senateurs : 6 - Oilers : 5.
14:14 of 3rd period - Riley Sheahan wins face-off versus Sidney Crosby in neutral zone.
14:48 of 3rd period - Snap shot by Jamie Benn.
14:48 of 3rd period - Shot Blocked by Shea Weber.
15:12 of 3rd period - Slapshot by Peter Regin.
15:12 of 3rd period - Shot Misses the Net.
15:52 of 3rd period - Snap shot by Jamie Benn.
15:52 of 3rd period - Stopped by Marc-André Fleury with a rebound.
16:03 of 3rd period - Off-side.
16:04 of 3rd period - Riley Sheahan wins face-off versus Sidney Crosby in neutral zone.
16:32 of 3rd period - Off-side.
16:33 of 3rd period - Connor McDavid wins face-off versus Maxim Lapierre in neutral zone.
16:45 of 3rd period - Snap shot by Claude Giroux.
16:45 of 3rd period - Shot Misses the Net.
16:47 of 3rd period - Wrist shot by Johnny Gaudreau.
16:47 of 3rd period - Shot Blocked by Dion Phaneuf.
16:49 of 3rd period - Snap shot by Claude Giroux.
16:49 of 3rd period - Shot Blocked by Cody Franson.
16:58 of 3rd period - Minor Penalty to Connor McDavid for Slashing.
16:59 of 3rd period - Sidney Crosby wins face-off versus Riley Sheahan in Oilers zone.
18:58 of 3rd period - Penalty to Connor McDavid is over, Connor McDavid is back on ice.
19:09 of 3rd period - Oilers, Marc-André Fleury is pulled from the net.
19:11 of 3rd period - Snap shot by Connor McDavid.
19:11 of 3rd period - Stopped by Jaroslav Halak with a rebound.
19:13 of 3rd period - Snap shot by Riley Sheahan.
19:13 of 3rd period - Stopped by Jaroslav Halak with a rebound.
19:15 of 3rd period - Slapshot by Connor McDavid.
19:15 of 3rd period - Shot Hit the Post.
19:37 of 3rd period - Wrist shot by Connor McDavid.
19:37 of 3rd period - Shot Blocked by Dion Phaneuf.
19:39 of 3rd period - Snap shot by Riley Sheahan.
19:39 of 3rd period - Stopped by Jaroslav Halak without a rebound.
19:40 of 3rd period - Jacques Lemaire call a timeout for Oilers.
19:40 of 3rd period - Connor McDavid wins face-off versus Colby Armstrong in Senateurs zone.
Goals for this period are 2 for Senateurs vs 1 for Oilers.
Shots for this period are 10 for Senateurs vs 12 for Oilers.